 Dungeon Crawl Stone Soup version bcrawl-1.21.3 (webtiles) character file.

Game seed: 212451998427054592

2625 MisterOstroum the Conjurer (level 9, -7/68 HPs)
             Began as a Demonspawn Fire Elementalist on Mar 27, 2020.
             Was an Initiate of Makhleb.
             Mangled by a killer bee (9 damage)
             ... on level 8 of the Dungeon.
             The game lasted 00:19:50 (8631 turns).

MisterOstroum the Conjurer (DsFE)                   Turns: 8631, Time: 00:19:51

Health: -7/68      AC:  4    Str:  9    XL:     9   Next: 34%
Magic:  0/24       EV: 12    Int: 23    God:    Makhleb [......]
Gold:   567        SH:  0    Dex: 16    Spells: 5/16 levels left

rFire    + . .     SeeInvis .   F - +2 rapier of Kuwuc {pierce, +Rage MR- MP+9 Dex+2, !a}
rCold    + + .     Gourm    .   (no shield)
rNeg     . . .     Faith    .   v - +0 robe
rPois    +         Spirit   .   (no helmet)
rElec    +         Reflect  .   w - +0 cloak
rCorr    +         Harm     .   B - +0 pair of gloves
MR       .....                  (boots unavailable)
Stlth    ++........             (no amulet)
HPRegen  0.21/turn              D - +4 ring of intelligence
MPRegen  0.19/turn              G - ring of flight

@: about to teleport, resistant (expiring)
A: hooves 3, cold resistance 1
a: Renounce Religion, Evoke Berserk Rage, Evoke Flight


You were on level 8 of the Dungeon.
You worshipped Makhleb.
Makhleb was noncommittal.
You were not hungry.

You visited 2 branches of the dungeon, and saw 9 of its levels.

You collected 567 gold pieces.

Inventory:

Hand Weapons
 a - a +1 falchion
 b - a +0 hunting sling
 f - a +0 dagger
 p - a +0 whip of distortion {!w}
 F - the +2 rapier of Kuwuc (weapon) {pierce, +Rage MR- MP+9 Dex+2, !a}
   (You found it on level 6 of the Dungeon)

   It inflicts extra damage upon your enemies.
   It affects your dexterity (+2).
   It affects your resistance to hostile enchantments.
   It affects your magic capacity (+9).
   It lets you go berserk.
Missiles
 c - 1134 stones (quivered)
 i - 793 arrows
 k - 858 bolts
 y - 173 tomahawks
 K - 174 sling bullets
Armour
 v - a +0 robe (worn)
 w - a +0 cloak (worn)
 B - a +0 pair of gloves (worn)
Jewellery
 D - a +4 ring of intelligence (left hand)
 G - a ring of flight (right hand)
Wands
 r - a wand of random effects (4)
 x - a wand of disintegration (10)
 z - a wand of paralysis (10)
 C - a wand of acid (6)
 N - a wand of iceblast (8)
Scrolls
 h - 3 scrolls of enchant weapon
 l - 2 scrolls of amnesia {unknown}
 n - 2 scrolls of identify {@r1}
 o - a scroll of teleportation {@r3 !r}
 u - a scroll of immolation
 A - 2 scrolls of magic mapping {unknown}
 I - a scroll of enchant armour {unknown}
 J - a scroll of blinking {@r4}
 M - 2 scrolls of remove curse {@r2}
 O - a scroll of summoning {unknown}
Potions
 d - a potion of experience
 g - a potion of might {@q3 !q}
 m - 4 potions of curing {@q1 !q}
 q - 2 potions of magic
 s - a potion of brilliance
 t - 4 potions of flight
 E - a potion of resistance
 H - a potion of heal wounds {unknown}
 L - a potion of lignification {@q6}
Comestibles
 e - 12 rations {!d}
 j - 3 chunks of flesh


   Skills:
 - Level 5.0 Fighting
 - Level 3.0 Long Blades
 - Level 1.7 Dodging
 - Level 3.2 Stealth
 - Level 4.3 Spellcasting
 * Level 7.1 Conjurations
 * Level 6.1 Fire Magic
 + Level 2.9 Evocations


You had 5 spell levels left.
You knew the following spells:

 Your Spells              Type           Power        Failure   Level  Hunger
a - Flame Tongue          Conj/Fire      #####        1%          1    None
b - Fireball              Conj/Fire      #####.....   19%         5    #####..
c - Conjure Flame         Conj/Fire      #####...     1%          3    ##.....
Z - Flaming Arrows        Chrm/Fire      ###.....     4%          2    None

Your spell library contained the following spells:

 Spells                   Type           Power        Failure   Level  Hunger
 Sticky Flame             Conj/Fire      #####...     7%          4    ####...
 Inner Flame              Hex/Fire       N/A          9%          3    ##.....
 Animate Skeleton         Necr           N/A          10%         1    None
 Pain                     Necr           #.....       10%         1    None
 Regeneration             Chrm/Necr      #.........   30%         3    ##.....
 Vampiric Draining        Necr           #.........   30%         3    ##.....
 Bolt of Draining         Conj/Necr      ###.......   54%         5    #####..
 Animate Dead             Necr           N/A          69%         4    ####...


Dungeon Overview and Level Annotations

Branches:
Dungeon (8/12)             Temple (1/1) D:7
   Lair: D:7-9          Orc: D:8-11

Altars:
Ashenzari
Cheibriados
Elyvilon
Fedhas
Gozag
Hepliaklqana
Kikubaaqudgha
Lugonu
Makhleb
Nemelex Xobeh
Okawaru
Qazlal
Ru
Sif Muna
Uskayaw
Vehumet
Wu Jian
Xom
Yredelemnul
Zin

Annotations:
D:3 1 runed translucent door, dscm's ghost, amateur OpAc
D:7 exclusion: rakshasa


Innate Abilities, Weirdness & Mutations

You have hooves in place of feet.
Your flesh is cold resistant. (rC+)


Message History

The flame tongue misses the killer bee.
The killer bee stings you but does no damage.
The phantom blinks!
The killer bee stings you but does no damage.
You miss the killer bee.
Your transformation is almost over.
The killer bee stings you but does no damage.
The howler monkey hits you but does no damage.
The killer bee stings you but does no damage.
You hit the killer bee but do no damage.
The killer bee stings you but does no damage.
The howler monkey hoots and howls with incredible vigour!
The killer bee stings you but does no damage.
You hear a shout! x2; You hear an angry buzzing noise.
You hear a shout!
You hear an angry buzzing noise.
You hit the killer bee.
The killer bee is moderately wounded.
The killer bee stings you.
* * * LOW HITPOINT WARNING * * *
The howler monkey hits you but does no damage.
The killer bee stings you but does no damage.
The howler monkey hits you but does no damage.
Casting: Flame Tongue (safe; 1% risk of failure)
Confirm with . or Enter, or press ? or * to list all spells.
Aiming: Flame Tongue (safe; 1% risk of failure)
Press: ? - help, Shift-Dir - straight line, f/p - killer bee
Aim: a killer bee (moderately wounded)
The flame tongue hits the killer bee!
You kill the killer bee!
Makhleb accepts your kill. The howler monkey hits you.
* * * LOW HITPOINT WARNING * * *
The killer bee stings you.
* * * LOW HITPOINT WARNING * * *
Casting: Flame Tongue (safe; 1% risk of failure)
Confirm with . or Enter, or press ? or * to list all spells.
Aiming: Flame Tongue (safe; 1% risk of failure)
Press: ? - help, Shift-Dir - straight line, f - howler monkey
Aim: a howler monkey (catching its breath)
The flame tongue misses the howler monkey.
The flame tongue hits the worker ant!
The worker ant is heavily wounded.
The killer bee stings you.
* * * LOW HITPOINT WARNING * * *
The howler monkey hits you but does no damage.
The killer bee stings you but does no damage.
Casting: Flame Tongue (safe; 1% risk of failure)
Confirm with . or Enter, or press ? or * to list all spells.
Aiming: Flame Tongue (safe; 1% risk of failure)
Press: ? - help, Shift-Dir - straight line, f/p - howler monkey
Aim: a howler monkey (catching its breath)
The flame tongue hits the howler monkey.
The howler monkey is lightly wounded.
The killer bee buzzes angrily.
The killer bee stings you but does no damage.
The howler monkey hits you but does no damage.
A scorpion comes into view.
The killer bee stings you but does no damage.
Casting: Flame Tongue (safe; 1% risk of failure)
Confirm with . or Enter, or press ? or * to list all spells.
Aiming: Flame Tongue (safe; 1% risk of failure)
Press: ? - help, Shift-Dir - straight line, f - killer bee, p - howler monkey
Aim: a killer bee (heavily wounded)
The flame tongue hits the killer bee.
The killer bee is almost dead.
The killer bee completely misses you.
The howler monkey hits you but does no damage.
The killer bee stings you but does no damage.
The howler monkey hoots and howls with incredible vigour!
You hear an angry buzzing noise.
You hear a shout!
Casting: Flame Tongue (safe; 1% risk of failure)
Confirm with . or Enter, or press ? or * to list all spells.
Aiming: Flame Tongue (safe; 1% risk of failure)
Press: ? - help, Shift-Dir - straight line, f/p - killer bee
Aim: a killer bee (almost dead)
The flame tongue misses the killer bee.
The flame tongue hits the killer bee!
The killer bee is severely wounded.
You start to feel less resistant.
The killer bee stings you but does no damage. x2
The howler monkey barely misses you.
Casting: Flame Tongue (safe; 1% risk of failure)
Confirm with . or Enter, or press ? or * to list all spells.
Aiming: Flame Tongue (safe; 1% risk of failure)
Press: ? - help, Shift-Dir - straight line, f/p - killer bee
Aim: a killer bee (almost dead)
The flame tongue hits the killer bee.
The killer bee is almost dead.
You feel less wooden.
Your +0 cloak unmelds from your body.
Your +0 pair of gloves unmelds from your body.
Your +0 robe unmelds from your body.
The killer bee stings you!
* * * LOW HITPOINT WARNING * * *
The howler monkey closely misses you. The killer bee misses you.
Really read
o - 2 scrolls of teleportation {@r3 !r}?
As you read the scroll of teleportation {@r3 !r}, it crumbles to dust.
You feel strangely unstable. The killer bee closely misses you.
The howler monkey hits you.
* * * LOW HITPOINT WARNING * * *
The killer bee stings you!
You die...

.. .. . #[#
..#..## .....
#.s. #.a###
#Zch†# #.W#@#
.'...#y#
#.###..y# #
##... #...
+....
##########....
#.....#........
#.#...#.#


You could see a centaur, a scorpion, a howler monkey, a worker ant, 2 killer
bees and a centaur skeleton.

Vanquished Creatures
  A two-headed ogre (D:6)
  A troll (D:6)
  Menkaure (D:7)
  2 orc warriors
  An ogre (D:4)
  A centaur (D:8)
  Blork the orc (D:6)
  3 scorpions
  3 killer bees (D:8)
  5 howler monkeys
  A centaur zombie (D:6)
  A bullfrog zombie (D:6)
  3 orc priests
  3 hounds
  6 orc wizards
  3 worker ants
  Terence (D:1)
  3 gnolls (D:7)
  9 adders
  A shadow imp (D:6)
  4 oozes
  An adder skeleton (D:4)
  3 worms
  4 dart slugs
  8 leopard geckos
  25 orcs
  2 goblins (D:1)
  6 hobgoblins
  4 jackals (D:3)
  6 quokkas
  2 ball pythons
  3 bats
  6 frilled lizards
  12 kobolds
  7 rats
143 creatures vanquished.

Notes
Turn   | Place    | Note
-------+----------+-------------------------------------------
     0 | D:1      | MisterOstroum the Demonspawn Fire Elementalist began the
                  | quest for the Orb.
     0 | D:1      | Reached XP level 1. HP: 13/13 MP: 3/3
   265 | D:1      | Reached skill level 1 in Fighting
   265 | D:1      | Gained mutation: You have large cloven feet. [demonic
                  | ancestry]
   265 | D:1      | Reached XP level 2. HP: 21/21 MP: 0/5
   269 | D:1      | Learned a level 2 spell: Flaming Arrows
   982 | D:1      | Reached XP level 3. HP: 26/26 MP: 4/6
  1663 | D:2      | Reached skill level 2 in Conjurations
  1869 | D:2      | Noticed Terence
  1991 | D:1      | Killed Terence
  2150 | D:2      | Gained mutation: Your flesh is cold resistant. (rC+)
                  | [demonic ancestry]
  2150 | D:2      | Reached XP level 4. HP: 33/33 MP: 2/7
  2271 | D:2      | Reached skill level 3 in Conjurations
  2871 | D:3      | Found a runed translucent door.
  2872 | D:3      | Noticed dscm's ghost (amateur OpAc)
  2873 | D:3      | Noticed a bullfrog
  3431 | D:3      | Reached XP level 5. HP: 35/38 MP: 2/8
  3814 | D:3      | Reached skill level 4 in Conjurations
  3937 | D:3      | Gained mutation: You have hoof-like feet. [demonic
                  | ancestry]
  3937 | D:3      | Reached XP level 6. HP: 39/44 MP: 3/9
  3991 | D:3      | Learned a level 3 spell: Conjure Flame
  4082 | D:3      | Found a sparkling altar of Nemelex Xobeh.
  4306 | D:3      | Found a snail-covered altar of Cheibriados.
  4849 | D:4      | Reached skill level 1 in Long Blades
  5223 | D:4      | Reached skill level 5 in Conjurations
  5577 | D:4      | Reached XP level 7. HP: 51/51 MP: 1/10
  6131 | D:5      | Entered Level 5 of the Dungeon
  6647 | D:6      | Got an ebony rapier
  6707 | D:6      | Noticed a two-headed ogre
  6732 | D:6      | Killed a two-headed ogre
  6732 | D:6      | Reached skill level 6 in Conjurations
  6732 | D:6      | Reached skill level 5 in Fire Magic
  6732 | D:6      | Gained mutation: You have hooves in place of feet. [demonic
                  | ancestry]
  6732 | D:6      | Reached XP level 8. HP: 58/58 MP: 0/14
  6733 | D:6      | Identified the +2 rapier of Kuwuc {pierce, +Rage MR- MP+9
                  | Dex+2} (You found it on level 6 of the Dungeon)
  7095 | D:6      | Reached skill level 1 in Evocations
  7102 | D:6      | Learned a level 5 spell: Fireball
  7163 | D:6      | Noticed Blork the orc
  7168 | D:6      | Noticed a troll
  7174 | D:6      | Killed Blork the orc
  7179 | D:6      | Killed a troll
  7686 | D:7      | Reached XP level 9. HP: 66/66 MP: 15/15
  7749 | D:7      | Noticed a rakshasa
  7818 | D:7      | Noticed Menkaure
  7829 | D:7      | Killed Menkaure
  8049 | D:7      | Found a staircase to the Ecumenical Temple.
  8066 | Temple   | Entered the Ecumenical Temple
  8073 | Temple   | Became a worshipper of Makhleb the Destroyer
  8581 | D:8      | Reached skill level 5 in Fighting
  8605 | D:8      | Reached skill level 7 in Conjurations
  8631 | D:8      | HP: 2/68 [howler monkey (2)]
  8631 | D:8      | Mangled by a killer bee

Skill      XL: |  1  2  3  4  5  6  7  8  9 |
---------------+----------------------------+-----
Fighting       | 1 2 3 4 5 |  5.0
Fire Magic     | 3 4 5 6 |  6.1
Conjurations   | 2 3 4 5 6 7 |  7.1
Stealth        | 3 |  3.2
Long Blades    | 1 3 |  3.0
Spellcasting   | 4 |  4.3
Evocations     | 2 |  2.9
Dodging        | |  1.7

Action                   |  1- 3 |  4- 6 |  7- 9 || total
-------------------------+-------+-------+-------++-------
Melee: Unarmed           |     4 |       |       ||     4
       Kick              |     2 |       |     1 ||     3
       Dagger            |    10 |    42 |       ||    52
       Falchion          |       |     6 |    18 ||    24
       Rapier            |       |       |    25 ||    25
 Fire: Hunting sling     |       |    21 |       ||    21
Throw: Stone             |     4 |     7 |     7 ||    18
 Cast: Flame Tongue      |    60 |   135 |   148 ||   343
       Flaming Arrows    |     2 |     3 |     1 ||     6
       Conjure Flame     |       |     3 |     2 ||     5
       Fireball          |       |       |     3 ||     3
Evoke: Wand              |       |       |     2 ||     2
  Use: Potion            |       |     1 |     2 ||     3
       Scroll            |       |     7 |     8 ||    15
 Stab: Sleeping          |     1 |       |     1 ||     2
       Paralysed         |       |       |     4 ||     4
  Eat: Chunk             |     5 |    12 |    12 ||    29
Armor: Robe              |     2 |    28 |     9 ||    39
       Skin              |       |       |    51 ||    51
Dodge: Dodged            |    24 |    69 |    59 ||   152
